 Dungeon Crawl Stone Soup version 0.32-a0-160-g465344b4ef (webtiles) character file.

Game seed: 3882456116167588758

471 tilp the Sneak (level 6, -7/46 HPs)
             Began as a Vampire Enchanter on Feb 11, 2024.
             Mangled by a gnoll
             ... wielding a +2 whip of electrocution
             ... led by a gnoll bouda
              (20 damage)
             ... on level 4 of the Dungeon.
             The game lasted 00:07:00 (4009 turns).

tilp the Sneak (Vampire Enchanter)                  Turns: 4009, Time: 00:07:00

Health: -7/46      AC:  8    Str:  7    XL:     6   Next: 83%
Magic:  6/10       EV: 12    Int: 19    God:
Gold:   108        SH:  0    Dex: 15    Spells: 2/10 levels left

rFire   . . .        a - +1 dagger
rCold   + . .        (no shield)
rNeg    . . .        o - +2 leather armour {rC+}
rPois   +            x - +2 helmet
rElec   .            (no cloak)
rCorr   .            (no gloves)
SInv    +            (no boots)
Will    +....        (no amulet)
Stlth   +++          h - ring of willpower
HPRegen 0.47/turn    k - ring of poison resistance
MPRegen 0.12/turn

%: no passive effects
@: healing quickly
A: alive, fangs 3, see invisible, vampiric 2
a: Exsanguinate


You were on level 4 of the Dungeon.
You visited 1 branch of the dungeon, and saw 4 of its levels.

You collected 108 gold pieces.

Inventory:

Hand Weapons
 a - a +1 dagger (weapon)
Missiles
 f - a throwing net {!f}
 r - 5 boomerangs (quivered)
 v - 8 poisoned darts
Armour
 b - a +0 robe
 d - an orb of light
 j - a +2 robe of positive energy
 o - a +2 leather armour of cold resistance (worn)
 x - a +2 helmet (worn)
Magical Staves
 w - a staff of fire
Jewellery
 e - a ring of positive energy
 h - a ring of willpower (left hand)
 k - a ring of poison resistance (right hand)
 n - a ring of resist corrosion
 q - a +6 ring of strength
 y - a ring of fire
Scrolls
 l - a scroll of teleportation
Potions
 c - 4 potions of invisibility
 g - a potion of berserk rage
 i - a potion of cancellation {unknown}


   Skills:
 * Level 2.8 Fighting
 * Level 3.7 Short Blades
 + Level 3.4 Dodging
 + Level 5.7 Stealth
 + Level 2.8 Spellcasting
 + Level 5.5 Hexes
 + Level 1.9 Ice Magic


You had 2 spell levels left.
You knew the following spells:

 Your Spells              Type           Power      Damage    Failure   Level
a - Ensorcelled Hibernat  Hex/Ice        34%        N/A       8%          2
b - Confusing Touch       Hex            23%        N/A       7%          3
c - Tukima's Dance        Hex            23%        N/A       7%          3

Your spell library contained the following spells:

 Spells                   Type           Power      Damage    Failure   Level
 Magic Dart               Conj           8%         1d3       24%         1
 Searing Ray              Conj           4%         2d4       34%         2
 Dazzling Flash           Conj/Hex       26%        N/A       22%         3
 Fulminant Prism          Conj/Alch      1%         3d5       93%         4


Dungeon Overview and Level Annotations

Branches:
Dungeon (4/15)
 Temple: D:4-7

Altars:
Fedhas
Okawaru
Yredelemnul


Innate Abilities, Weirdness & Mutations

Your natural rate of healing is accelerated.
You have razor-sharp teeth.
You have supernaturally acute eyesight. (SInv)
You are afflicted with vampirism and can become a bat while bloodless.


Message History

A gnoll comes into view.
It is wielding a +0 spear and quivering 2 throwing nets.
The gnoll moves out of view.
The gnoll bouda barks out a call to the hunt!
The gnoll picks up the pace!
You hear a shout! x3
Things that are here:
a +0 scythe; a +2 robe of positive energy
j - a +2 robe of positive energy A gnoll comes into view.
It is wielding a +2 whip of electrocution.
Casting: Ensorcelled Hibernation (safe; 8% risk of failure)
Confirm with . or Enter, or press ? or * to list all spells.
Aiming: Tukima's Dance (dangerous; 7% risk of failure)
Press: ? - help, Shift-Dir - straight line, f - gnoll
Aim: a gnoll, wielding a +0 spear and quivering 2 throwing nets (covering ground quickly, chance to affect: 64%)
The +0 spear dances into the air!
Unknown command.
Unknown command.
The gnoll bouda barks out a call to the hunt!
The gnoll throws a throwing net.
The throwing net hits you.
You become entangled in the net!
You see here a throwing net.
You struggle against the net.
You struggle against the net.
The gnoll hits you.
You struggle against the net.
A gnoll comes into view. It is wielding a +0 flail.
The gnoll hits you.
You shred the net and break free!
The gnoll bouda hits you but does no damage.
The gnoll closely misses you.
The gnoll bouda attacks as it pursues you!
The gnoll bouda hits you with a +0 club.
The gnoll hits you with a +2 whip of electrocution.
You are electrocuted!
The gnoll bouda barks out a call to the hunt!
The gnoll picks up the pace!
The gnoll attacks as it pursues you!
The gnoll hits you with a +2 whip of electrocution!
* * * LOW HITPOINT WARNING * * *
You are electrocuted!!
You die...

*,* #......#.#.###.# *,*,* #*,*
#....#.#.......#*******,*,* ##.#
#.##.#.#.#####)#,,,,,,,,,,,
##.#######.#.#.##..).#*******,*,*
##.#..<........##..g.# *,*,*
##.#.#####.#.#.##.g..# ******,*,*
##.#.....#...#.##g...# *,,,,,,,,,
##.#####.#.###.##g...# *,****,**,
##....##.#......@....# *,* *,***
##..#.#..#.###.###...# *,* *,*
.).......รท..##.###...#**,****,***
##.#..#.>..............,,,,,,,,,,
##.#......#.##.#########,****,***
##.##.###.#.#*.# *,* *,*
##.##.....#.#*.# *,* *,*
##.########.#*.# *,* *,* #.#
#.#*.#****** *,****,**


You could see a gnoll bouda and 3 gnolls.

Vanquished Creatures
  Sigmund (D:4)
  The ghost of pepequinho the Trooper, a weakling DsBe of Trog (D:3)
  Jessica (D:3)
  An orc wizard (D:3)
  A scorpion simulacrum (D:3)
  4 gnolls (D:3)
  6 adders
  A hound simulacrum (D:3)
  2 adder zombies (D:2)
  3 adder skeletons (D:2)
  2 ribbon worms (D:4)
  A dart slug (D:1)
  An adder simulacrum (D:3)
  10 orcs
  A bat skeleton (D:2)
  A bat zombie (D:2)
  An endoplasm (D:1)
  3 giant cockroaches
  5 hobgoblins
  2 jackals (D:3)
  10 kobolds
  2 quokkas (D:3)
  6 ball pythons
  A ball python skeleton (D:2)
  5 bats
  4 frilled lizards
  A giant cockroach simulacrum (D:3)
  5 goblins
  A quokka simulacrum (D:3)
  A quokka skeleton (D:2)
  6 rats
90 creatures vanquished.

Vanquished Creatures (others)
  A dancing weapon (D:4)
1 creature vanquished.

Grand Total: 91 creatures vanquished

Notes
Turn   | Place    | Note
-------+----------+-------------------------------------------
     0 | D:1      | tilp the Vampire Enchanter began the quest for the Orb.
     0 | D:1      | Reached XP level 1. HP: 13/13 MP: 3/3
   102 | D:1      | Reached XP level 2. HP: 20/20 MP: 5/5
   161 | D:1      | Learned a level 2 spell: Ensorcelled Hibernation
   291 | D:1      | You fall into a shaft and drop 1 floor!
   666 | D:2      | Reached skill level 1 in Fighting
   693 | D:2      | Gained mutation: You are afflicted with vampirism and can
                  | become a bat while bloodless. [Vampire growth]
   693 | D:2      | Reached XP level 3. HP: 23/26 MP: 6/6
   697 | D:2      | Learned a level 3 spell: Confusing Touch
  1765 | D:2      | Reached XP level 4. HP: 11/32 MP: 0/7
  1930 | D:3      | Noticed pepequinho's ghost (weakling DsBe)
  1938 | D:3      | Reached skill level 1 in Ice Magic
  2094 | D:3      | Noticed Jessica
  2107 | D:3      | Killed Jessica
  2108 | D:3      | Reached skill level 5 in Stealth
  2115 | D:3      | Reached XP level 5. HP: 27/38 MP: 1/8
  2178 | D:3      | Learned a level 3 spell: Tukima's Dance
  2207 | D:3      | Reached skill level 5 in Hexes
  2483 | D:3      | Found an iron altar of Okawaru.
  2504 | D:3      | Found a runed translucent gate.
  2504 | D:3      | Found a runed translucent gate.
  2504 | D:3      | Found a runed translucent gate.
  2523 | D:3      | Found a faded altar of an unknown god.
  3126 | D:3      | Found an iron altar of Okawaru.
  3128 | D:3      | Found a faded altar of an unknown god.
  3384 | D:3      | Killed pepequinho's ghost
  3385 | D:3      | Reached XP level 6. HP: 45/45 MP: 6/9
  3866 | D:4      | Found a blossoming altar of Fedhas.
  3880 | D:4      | Found a basalt altar of Yredelemnul.
  3975 | D:4      | Noticed Sigmund
  3980 | D:4      | Killed Sigmund
  4009 | D:4      | Mangled by a gnoll

Illustrated notes

Levels and vault maps discovered:
D:1:      wander_arrival_lonely_grave, layout_rooms
D:2:      layout_loops_ring, serial_undead, serial_undead_c, serial_undead_c,
          serial_undead_b, serial_undead_d, serial_undead_c, serial_undead_f
D:3:      layout_rooms, okawaru_metal_pillars_1_2, basic_ecumenical_altar,
          gammafunk_ghost_icy, uniq_jessica
D:4:      layout_basic, lemuel_round_altar, mainiacjoe_overflow_big_doors,
          minmay_misc_feat_encased, minmay_puff, uniq_robin, uniq_sigmund

Skill      XL: |  1  2  3  4  5 |
---------------+----------------+-----
Fighting       | 1 2 |  2.8
Short Blades   | 2 3 |  3.7
Ice Magic      | 1 |  1.9
Stealth        | 5 |  5.7
Hexes          | 5 |  5.5
Dodging        | 3 |  3.4
Spellcasting   | |  2.8

Action                     |  1- 3 |  4- 6 || total
---------------------------+-------+-------++-------
  Melee: Dagger            |   133 |   118 ||   251
         Bite              |    13 |    12 ||    25
         Punch             |     1 |       ||     1
  Throw: Boomerang         |       |     1 ||     1
   Cast: Ensorcelled Hiber |    18 |    35 ||    53
         Confusing Touch   |     1 |     4 ||     5
         Tukima's Dance    |       |     1 ||     1
    Use: Scroll            |       |     8 ||     8
   Stab: Sleeping          |    19 |    24 ||    43
         Confused          |     1 |     2 ||     3
 Armour: Robe              |    82 |     7 ||    89
         Leather armour    |       |    60 ||    60
  Dodge: Dodged            |    59 |    68 ||   127

Table legend: (Time is in decaauts)
 A = Elapsed time spent in this place.
 B = Non-inter-level travel time spent in this place.
 C = Inter-level travel time spent in this place.
 D = Time resting spent in this place.
 E = Time spent auto-exploring this place.
 F = Levels seen in this place.
 G = Mean time per level.
                   A        B        C        D        E       F      G
               +--------+--------+--------+--------+--------+-----+--------+
         Total |   3987 |   3621 |    366 |    767 |   1993 |   4 |  996.8 |
       Dungeon |   3987 |   3621 |    366 |    767 |   1993 |   4 |  996.8 |
               +--------+--------+--------+--------+--------+-----+--------+

Top non-repeatable levels by time:
     D:2: 1603 daAuts
     D:3: 1415 daAuts
     D:1: 527 daAuts
     D:4: 441 daAuts
